Map: 파라 사이트 - 래더

Players

Cure - Winner!

  • Race: Terran Terran
  • Spawn Location: 11:00

soO

  • Race: Zerg Zerg
  • Spawn Location: 5:00

Event: IEM Season 13 - Katowice Server Qualifiers Asia 1

VOD

Have the link to the VOD?

Description

Time

  • Played on: Jan. 14, 2019, 7:12 a.m.
  • Length: 24:38

All games in this series

Show
View Real Time Build Order
Export as new Build Order

Cure Terran - Winner!

Build Orders: Liberator Opening, Reaper Expand 

Get SALT Encoding   

  12  0:00  SCV  
  13  0:12  SCV  
  14  0:16  Supply Depot  
  14  0:24  SCV  
  15  0:38  SCV  
  15  0:39  Barracks  
  15  0:42  Refinery  
  16  0:50  SCV  
  17  1:02  SCV  
  18  1:14  SCV  
  19  1:26  Orbital Command  
  19  1:27  Reaper  
  20  1:37  Command Center  
  20  1:45  Supply Depot  
  20  1:52  SCV  
  21  1:59  Marine  
  22  2:04  SCV  
  23  2:09  Factory  
  23  2:16  SCV  
  23  2:21  Barracks Reactor  
  24  2:28  SCV  
  25  2:38  Command Center  
  25  2:40  SCV  
  26  2:47  Refinery  
  26  2:50  Orbital Command  
  26  2:52  SCV  
  26  2:58  Starport  
  27  3:03  Marine  
  27  3:04  SCV  
  31  3:13  Hellion x2  
  31  3:16  SCV  
  31  3:17  Liberator  
  31  3:18  SCV  
  35  3:28  SCV  
  35  3:30  SCV  
  37  3:40  SCV, Hellion x2  
  45  3:42  SCV  
  46  3:51  Orbital Command  
  46  3:52  SCV  
  46  3:54  SCV  
  48  3:55  Barracks Tech Lab  
  48  4:01  Hellion x2  
  48  4:02  Supply Depot  
  52  4:04  SCV  
  52  4:06  SCV  
  54  4:16  SCV  
  54  4:17  SCV  
  56  4:18  SCV  
  56  4:23  Barracks Tech Lab  
  57  4:25  Supply Depot  
  57  4:29  SCV x2  
  57  4:30  SCV  
  60  4:33  Barracks  
  60  4:34  Refinery  
  60  4:35  Refinery  
  60  4:38  Factory Reactor, Barracks  
  60  4:41  Engineering Bay  
  60  4:42  Marine  
  60  4:43  Supply Depot  
  60  4:44  SCV, Stimpack  
  60  4:45  SCV  
  63  4:46  SCV  
  63  4:49  Starport Reactor  
  64  4:56  SCV  
  64  4:57  SCV  
  64  4:59  SCV  
  67  5:05  Marine  
  68  5:08  SCV  
  68  5:09  SCV  
  68  5:10  Terran Infantry Weapons Level 1, Engineering Bay  
  68  5:11  SCV  
  71  5:19  Supply Depot  
  71  5:21  SCV x2  
  71  5:24  Supply Depot  
  71  5:25  Orbital Command  
  71  5:29  Marine  
  71  5:30  Marine x2  
  71  5:32  Medivac x2  
  71  5:33  SCV x2  
  79  5:38  Marine x2, Factory Reactor  
  79  5:41  Terran Infantry Armor Level 1  
  78  5:45  SCV x2  
  78  5:47  Barracks x2  
  80  5:50  SCV  
  80  5:51  Marine x2  
  80  5:52  Marine  
  80  5:56  Marine x2  
  86  5:57  SCV x2  
  88  6:04  SCV  
  88  6:07  Supply Depot x2  
  88  6:09  SCV x2  
  91  6:12  Marine x3  
  91  6:14  Marine x2  
  91  6:16  Armory  
  96  6:19  Factory  
  96  6:21  SCV x2  
  96  6:22  SCV  
  99  6:27  Refinery  
  99  6:30  Marine x2  
  99  6:31  Marine x2  
  99  6:32  Marine  
  104  6:33  SCV  
  104  6:35  Medivac  
  104  6:38  Medivac  
  104  6:39  Barracks Reactor x2  
  109  6:44  Combat Shield  
  113  6:47  Widow Mine x2  
  113  6:48  Supply Depot  
  113  6:49  Supply Depot  
  113  6:50  Marine x3  
  113  6:51  Marine  
  117  7:00  Missile Turret  
  117  7:01  Missile Turret  
  117  7:02  Missile Turret  
  117  7:05  Terran Infantry Weapons Level 2  
  117  7:06  Drilling Claws  
  117  7:09  Marine  
  117  7:10  Thor, SCV x3  
  117  7:12  Supply Depot  
  127  7:21  Widow Mine x2  
  131  7:23  Marine x2, Supply Depot, Terran Vehicle And Ship Armor Level 1  
  133  7:34  Marine x7  
  133  7:35  Supply Depot  
  140  7:45  Medivac x2  
  140  7:49  Terran Infantry Armor Level 2, Supply Depot  
  144  7:53  Command Center  
  144  7:56  Thor  
  152  7:58  Widow Mine  
  152  8:00  Widow Mine  
  152  8:04  Supply Depot  
  154  8:07  Supply Depot  
  154  8:14  Marine x6  
  154  8:15  Marine x2  
  154  8:16  Marine  
  154  8:17  Medivac  
  165  8:20  Supply Depot  
  165  8:25  Medivac  
  165  8:26  Widow Mine x2  
  171  8:40  Marine x8  
  168  8:41  Widow Mine  
  168  8:47  Marine, Widow Mine x2  
  168  8:57  Marine x2, Barracks  
  168  8:58  Marine  
  168  8:59  Barracks  
  168  9:00  Sensor Tower  
  168  9:01  Barracks  
  168  9:02  Marine x3  
  171  9:05  Marauder  
  171  9:06  Widow Mine  
  171  9:08  Marine x2  
  170  9:15  Marine x2  
  172  9:23  SCV x3  
  170  9:26  Marauder  
  170  9:30  Planetary Fortress  
  170  9:33  Terran Infantry Weapons Level 3  
  170  9:42  Marine x6  
  172  9:49  SCV x2  
  172  9:52  Barracks Tech Lab x2  
  162  9:53  Marauder, Barracks Tech Lab  
  162  9:57  SCV  
  158  10:01  SCV x2  
  159  10:08  Terran Infantry Armor Level 3  
  159  10:09  Supply Depot  
  159  10:11  Missile Turret, SCV x2  
  159  10:12  Missile Turret  
  159  10:13  SCV x2  
  159  10:14  Marauder, Terran Vehicle And Ship Armor Level 2  
  165  10:19  Missile Turret  
  165  10:23  SCV x2  
  165  10:25  Unknown  
  165  10:26  Unknown  
  165  10:28  Marine x2, Marauder x3  
  175  10:33  Supply Depot  
  175  10:39  Widow Mine x3  
  175  10:40  Marine x2  
  175  10:41  Marauder  
  185  10:48  Marine x2  
  182  10:50  Marauder x2  
  182  10:53  Marine x3  
  182  10:54  Marauder  
  187  10:58  Concussive Shells  
  187  11:00  Widow Mine  
  187  11:01  Widow Mine x2  
  193  11:09  Marine x5, Marauder  
  193  11:11  Marine x2, Marauder x2, Liberator x2  
  169  11:15  Marauder  
  173  11:22  Widow Mine  
  175  11:26  Widow Mine x2  
  175  11:29  Marine  
  175  11:31  Marauder  
  180  11:42  Marine x4, Marauder  
  180  11:43  Marauder, Widow Mine  
  184  11:47  Marine x4, Marauder  
  184  11:51  Widow Mine x2  
  184  11:52  Marauder  
  179  12:03  Marine  
  179  12:04  Marine x3, Marauder x2  
  179  12:05  Marine  
  161  12:09  Marauder  
  161  12:11  Marine x3  
  161  12:13  Marauder, Orbital Command  
  161  12:15  Widow Mine x2  
  154  12:21  Marine  
  149  12:25  Marine x2, Marauder  
  149  12:26  Marauder  
  152  12:30  Marauder  
  152  12:32  Marine x5  
  152  12:35  Marauder  
  152  12:36  Widow Mine  
  161  12:39  Marine, Liberator x2  
  161  12:40  Widow Mine  
  161  12:41  Widow Mine  
  161  12:43  Marine  
  163  12:44  Marine  
  163  12:47  Marauder x2  
  174  13:00  Marine x5, Marauder x2  
  174  13:04  Marine x2  
  174  13:05  Marine  
  185  13:08  Marauder  
  185  13:12  Marauder  
  168  13:14  Widow Mine  
  168  13:18  Marine x3  
  168  13:19  Widow Mine  
  170  13:21  Marine x2, Widow Mine  
  170  13:22  Marine x3, Marauder  
  170  13:25  Marine  
  151  13:29  Marauder  
  151  13:33  Marine  
  143  13:35  Marine x3  
  143  13:39  Marine x2  
  143  13:40  Marine, Marauder  
  151  13:43  Marauder  
  153  13:49  Widow Mine x3  
  158  13:59  Marine x6  
  158  14:00  Marauder x2  
  140  14:03  Marine x2, Marauder  
  140  14:04  Marine  
  140  14:05  SCV x4  
  140  14:07  Refinery x2  
  135  14:17  Marine x6  
  135  14:21  Marauder x2  
  130  14:24  Marine x2  
  130  14:25  Marauder x2  
  130  14:29  Widow Mine  
  130  14:30  Widow Mine  
  135  14:31  Widow Mine  
  135  14:35  Marine x2  
  135  14:39  SCV x4  
  135  14:41  Refinery x2  
  139  14:51  Command Center  
  141  14:52  Marine x2  
  141  14:53  Marine, Marauder x3  
  141  14:54  Widow Mine  
  141  14:56  Widow Mine  
  152  15:01  Widow Mine  
  154  15:08  Medivac x2  
  154  15:10  Marine x4  
  154  15:11  Marauder  
  154  15:14  Marine x2, Marauder x3  
  164  15:18  Unknown x2  
  164  15:19  Marine x2  
  149  15:21  Unknown x2  
  149  15:28  Marine x2  
  147  15:32  Marauder  
  139  15:36  Marine x6, Marauder x3  
  139  15:39  Widow Mine x3, Medivac x2  
  156  15:53  Marine x4, Marauder  
  162  15:57  Marauder x3  
  162  16:09  Medivac x2  
  156  16:15  Marauder  
  146  16:19  Marine x8, Marauder x3  
  148  16:36  Marine x2, Marauder  
  148  16:37  Marine x5  
  148  16:39  Widow Mine x2  
  145  16:40  Marauder x3  
  145  16:42  Widow Mine  
  153  17:00  Widow Mine x2, Medivac x2  
  161  17:03  Widow Mine  
  161  17:08  Marine x3, Marauder x3  
  172  17:19  Marine x2, Marauder  
  172  17:20  Marine  
  172  17:22  Widow Mine x2  
  181  17:23  Planetary Fortress  
  181  17:24  Widow Mine  
  182  17:37  Unknown x4  
  182  17:48  Marine x6, Marauder x4  
  182  17:49  Unknown  
  150  17:54  Marine x2, Widow Mine x3  
  148  18:04  Medivac x2  
  142  18:06  Marine x4  
  142  18:09  Marine x2, Marauder x2  
  142  18:10  Marauder x2  
  142  18:12  Marine x2  
  158  18:22  Sensor Tower  
  158  18:23  Marine x2  
  158  18:25  Command Center  
  160  18:27  Marine x2  
  160  18:31  Marauder x3  
  168  18:36  Widow Mine, Missile Turret  
  168  18:37  Widow Mine x2, Medivac  
  168  18:40  Medivac  
  168  18:41  Unknown x4  
  176  18:52  Marine x4, Marauder x3  
  186  18:58  Marine x4, Marauder  
  182  19:05  Widow Mine x3  
  182  19:09  Marine x2  
  157  19:10  Marine x2  
  157  19:13  Marauder  
  157  19:14  Marauder x2  
  157  19:15  Marine x2  
  149  19:20  Marauder  
  149  19:21  Medivac x2  
  149  19:22  Marine x2  
  153  19:26  Widow Mine x3  
  153  19:27  Marine x2  
  153  19:29  Marine x2  
  161  19:35  Marauder x3  
  167  19:41  Marauder  
  167  19:42  Marine x4  
  173  19:49  Missile Turret  
  173  19:56  Marauder x2  
  173  19:57  Marauder  
  179  20:00  Command Center  
  179  20:02  Marauder  
  175  20:10  Marine x2  
  156  20:18  Marauder x3  
  143  20:26  Marine x6  
  143  20:27  Marauder  
  147  20:34  Planetary Fortress  
  144  20:39  Marauder x2  
  145  20:49  Orbital Command  
  177  20:57  Medivac x2  
  134  20:58  Widow Mine x3  
  134  21:01  Marine, Marauder  
  137  21:12  Marine x3, Marauder  
  131  21:21  Marine x2, Marauder  
  131  21:24  Marine, Widow Mine x2  
  131  21:25  Marine  
  129  21:36  Missile Turret  
  129  21:45  Marine x7  
  129  21:46  Marauder x3  
  142  21:49  Marine, Marauder  
  142  21:51  Unknown  
  139  22:03  Marine x5  
  139  22:05  Marine x2  
  139  22:06  Marine  
  139  22:07  Marauder x3  
  124  22:16  Marauder  
  124  22:21  Marine x3  
  129  22:25  Marine  
  129  22:28  Marauder x2  
  129  22:29  Marauder  
  130  22:38  Marauder  
  130  22:40  Medivac x2  
  130  22:41  Widow Mine x3  
  139  22:50  Marauder x3  
  136  22:51  Marine x2  
  136  22:52  Marine x2  
  136  22:56  Marine  
  141  22:59  Marauder  
  141  23:01  Marine x3  
  129  23:09  Marine  
  129  23:11  Marauder x3  
  125  23:18  Medivac  
  125  23:19  Medivac  
  118  23:23  SCV x3  
  118  23:24  SCV  
  122  23:31  Widow Mine x3  
  113  23:42  Marine x5, Marauder  
  113  23:43  Marauder x2  
  122  23:57  SCV x3  
  125  24:06  Marine x6, Marauder x3  
  137  24:11  Widow Mine x2  
  137  24:14  Widow Mine  
  145  24:19  Marine  
Show
View Real Time Build Order
Export as new Build Order

soO Zerg 

Build Orders: Hatch First, Muta Ling Bane 

Get SALT Encoding   

  12  0:00  Drone  
  13  0:12  Overlord  
  13  0:16  Drone  
  14  0:30  Drone x2  
  14  0:34  Drone  
  17  0:50  Hatchery  
  17  0:53  Drone  
  17  0:56  Drone  
  18  1:08  Extractor  
  17  1:12  Spawning Pool  
  17  1:15  Drone  
  17  1:18  Drone  
  18  1:28  Drone  
  19  1:38  Overlord  
  19  1:54  Drone  
  19  1:58  Queen  
  19  1:59  Zergling x2  
  23  2:02  Queen, Zergling x2  
  23  2:07  Metabolic Boost  
  26  2:11  Drone  
  26  2:14  Drone  
  28  2:27  Hatchery  
  27  2:30  Drone  
  27  2:33  Drone  
  29  2:42  Queen  
  31  2:45  Drone  
  31  2:49  Overlord  
  32  2:52  Drone  
  32  2:54  Drone  
  32  2:55  Drone  
  35  3:06  Drone  
  35  3:11  Drone x2  
  38  3:13  Drone x2  
  38  3:14  Overlord  
  38  3:19  Queen, Drone  
  41  3:25  Drone  
  44  3:27  Overlord  
  44  3:34  Drone x2  
  44  3:39  Queen, Drone  
  44  3:40  Zergling x2  
  50  3:44  Drone x2  
  51  3:50  Drone  
  51  3:51  Drone  
  51  3:53  Drone  
  51  3:54  Drone x2  
  56  3:57  Zergling x4  
  56  3:58  Queen  
  60  4:03  Lair  
  60  4:05  Drone  
  61  4:10  Drone  
  61  4:14  Extractor  
  61  4:15  Extractor, Drone  
  61  4:17  Baneling Nest  
  61  4:21  Zergling x4  
  62  4:24  Drone  
  62  4:25  Overlord, Drone x3  
  65  4:39  Overlord  
  65  4:40  Spore Crawler  
  65  4:41  Overlord  
  65  4:45  Drone x6  
  70  4:47  Drone x3  
  73  4:53  Overlord  
  73  4:55  Overlord  
  73  5:00  Spore Crawler  
  73  5:04  Drone  
  74  5:09  Zergling x6  
  74  5:11  Drone  
  76  5:15  Drone  
  76  5:19  Drone  
  76  5:20  Drone  
  76  5:21  Drone x3  
  82  5:22  Overlord  
  82  5:36  Zergling x6  
  82  5:39  Drone x5  
  89  5:43  Evolution Chamber, Drone  
  89  5:44  Evolution Chamber, Spire  
  89  5:45  Extractor  
  89  5:46  Extractor  
  85  5:54  Extractor  
  85  5:55  Drone x3  
  87  5:59  Overlord  
  87  6:03  Centrifical Hooks  
  87  6:04  Drone  
  87  6:05  Hatchery x2, Drone  
  87  6:08  Zergling x6  
  90  6:11  Zerg Ground Armor Level 1  
  90  6:16  Zerg Melee Weapons Level 1  
  90  6:17  Drone x2  
  90  6:18  Drone  
  93  6:19  Drone  
  93  6:24  Zergling x10  
  99  6:26  Overseer  
  99  6:35  Baneling  
  99  6:36  Zergling x10, Baneling x5  
  99  6:37  Zergling x2  
  105  6:43  Overlord  
  105  6:55  Overlord  
  105  6:56  Overlord  
  105  6:59  Mutalisk  
  105  7:00  Mutalisk x3  
  113  7:02  Mutalisk x4  
  113  7:05  Drone  
  122  7:15  Drone  
  122  7:16  Drone x7  
  122  7:21  Zerg Flyer Weapons Level 1  
  130  7:23  Baneling x3  
  130  7:31  Drone x4  
  130  7:32  Mutalisk x2  
  130  7:33  Extractor  
  130  7:35  Drone  
  138  7:37  Infestation Pit  
  138  7:39  Pneumatized Carapace  
  138  7:40  Overseer  
  138  7:43  Zergling x18  
  146  7:47  Baneling x3  
  146  7:48  Baneling  
  146  7:50  Overlord  
  146  7:51  Overseer  
  146  7:53  Drone x4  
  146  7:56  Extractor  
  146  7:57  Overlord  
  146  7:58  Overlord  
  149  7:59  Overlord  
  149  8:05  Overlord  
  149  8:09  Zerg Ground Armor Level 2  
  149  8:10  Zerg Melee Weapons Level 2  
  149  8:14  Drone  
  149  8:16  Drone  
  149  8:19  Drone x3  
  154  8:22  Drone  
  155  8:28  Zergling x2, Hive  
  155  8:29  Zergling x26  
  169  8:34  Hatchery  
  163  8:45  Baneling x9  
  163  8:46  Baneling x2  
  163  8:48  Zergling x22  
  163  8:49  Overlord, Zergling x2  
  174  9:08  Mutalisk  
  174  9:09  Overlord  
  172  9:12  Zergling x20  
  177  9:30  Zergling x2  
  177  9:31  Zergling x26  
  190  9:40  Baneling x3  
  190  9:41  Baneling x8  
  173  9:53  Zergling x24  
  174  10:03  Drone  
  171  10:11  Zerg Flyer Weapons Level 2, Adrenal Glands  
  171  10:12  Drone  
  171  10:13  Ultralisk Cavern, Drone x5  
  176  10:18  Zergling x14  
  183  10:28  Overlord  
  183  10:29  Zerg Melee Weapons Level 3, Zerg Ground Armor Level 3  
  183  10:32  Overseer x2  
  183  10:33  Overseer  
  183  10:36  Overlord  
  183  10:38  Zergling x16  
  189  10:51  Spore Crawler  
  189  10:54  Hatchery, Drone  
  188  10:58  Baneling x6  
  188  10:59  Baneling  
  188  11:01  Corruptor  
  188  11:02  Chitinous Plating  
  139  11:13  Ultralisk  
  139  11:14  Ultralisk, Zergling x28  
  139  11:15  Zergling x12  
  166  11:20  Mutalisk x2  
  166  11:21  Mutalisk x2  
  173  11:31  Ultralisk x2, Zergling x8  
  189  11:33  Baneling  
  189  11:34  Baneling x5  
  176  11:43  Ultralisk x2, Zergling x4  
  176  11:44  Zergling x12  
  176  11:45  Baneling x5  
  176  11:46  Baneling x5  
  180  11:50  Zergling x4  
  180  11:51  Zergling x2  
  168  11:56  Ultralisk  
  162  12:08  Corruptor x3  
  150  12:09  Zergling x14  
  150  12:11  Zergling x4  
  150  12:12  Zergling x2  
  150  12:13  Zergling x2  
  150  12:15  Zergling x4  
  160  12:18  Zergling x8  
  160  12:21  Overseer, Anabolic Synthesis  
  154  12:30  Queen x2  
  154  12:33  Corruptor x3  
  159  12:50  Baneling x7  
  154  12:51  Zergling x2  
  154  12:52  Zergling x20  
  166  12:58  Zergling x10  
  166  12:59  Zergling x4  
  166  13:00  Baneling x4  
  151  13:14  Zergling x22  
  138  13:26  Ultralisk x2, Zergling x6  
  138  13:27  Zergling x2  
  141  13:31  Ultralisk  
  140  13:37  Ultralisk x2, Overseer x3  
  140  13:39  Zergling x4  
  140  13:40  Zergling x2  
  149  13:41  Baneling  
  149  13:42  Zergling x2, Baneling x4  
  150  13:49  Ultralisk  
  150  13:50  Zergling x6  
  157  13:57  Zergling x2  
  157  13:58  Zergling x2  
  146  14:03  Zergling x4  
  146  14:04  Zergling x4  
  146  14:05  Zergling x2  
  147  14:12  Corruptor x5  
  147  14:16  Zergling x2  
  149  14:19  Ultralisk  
  147  14:28  Corruptor  
  147  14:29  Corruptor  
  149  14:31  Queen x2  
  149  14:38  Infestor  
  153  14:39  Overlord x2  
  153  14:43  Hatchery  
  152  15:02  Zergling x30  
  152  15:04  Overlord  
  167  15:07  Zergling x4  
  167  15:08  Zergling x2  
  154  15:24  Ultralisk  
  154  15:26  Overseer x3  
  145  15:31  Ultralisk  
  145  15:32  Ultralisk, Zergling x28  
  159  15:42  Zergling x2  
  159  15:43  Zergling x8  
  163  15:52  Overlord x2  
  163  16:02  Baneling Nest  
  163  16:03  Zergling x2  
  163  16:04  Zergling x20  
  160  16:14  Zergling x4  
  160  16:17  Swarm Host, Zergling x10  
  160  16:24  Ultralisk x2, Zergling x2  
  160  16:25  Zergling x2  
  170  16:31  Zergling x16  
  172  16:36  Zergling x4  
  172  16:37  Zergling x2  
  172  16:39  Zergling x10  
  162  16:40  Zergling x2  
  162  16:43  Zergling x2  
  162  16:46  Zergling x4  
  156  16:53  Baneling x4  
  156  16:54  Baneling x4  
  156  17:00  Overlord x2  
  156  17:04  Hatchery  
  156  17:06  Baneling x6  
  155  17:11  Zergling x26  
  155  17:12  Overseer x3  
  167  17:30  Baneling x12  
  167  17:32  Zergling x4  
  167  17:38  Zergling x2  
  167  17:39  Zergling x34  
  167  17:43  Baneling  
  167  17:44  Baneling x4  
  180  17:51  Ultralisk, Zergling x14  
  174  17:58  Baneling x4  
  173  18:12  Ultralisk x2  
  185  18:13  Zergling x4  
  181  18:29  Overseer  
  181  18:37  Overlord  
  180  18:41  Hatchery  
  180  18:45  Baneling x2  
  180  18:46  Overlord x3  
  179  18:51  Overlord  
  179  18:54  Overlord  
  174  18:58  Overseer x2  
  142  19:14  Zergling x32  
  142  19:15  Zergling x4  
  148  19:34  Baneling x9  
  147  19:39  Baneling  
  147  19:40  Baneling x8  
  147  19:43  Overseer x2  
  146  19:50  Baneling  
  146  19:51  Baneling x5  
  144  19:53  Zergling x12  
  144  19:54  Hatchery  
  147  20:03  Zergling x10  
  121  20:22  Ultralisk, Zergling x14  
  121  20:28  Zergling x2, Baneling x5  
  123  20:29  Zergling x10  
  123  20:35  Zergling x10  
  131  20:41  Overseer x3  
  128  20:48  Ultralisk, Zergling x4  
  127  20:59  Baneling x8  
  127  21:01  Ultralisk, Zergling x2  
  127  21:03  Baneling  
  133  21:10  Zergling x14  
  121  21:19  Zergling x4  
  121  21:20  Zergling x4  
  121  21:23  Zergling x8  
  121  21:24  Zergling x12  
  123  21:26  Zergling x2  
  123  21:27  Zergling x2  
  123  21:31  Baneling  
  123  21:33  Baneling x12  
  123  21:36  Zergling x6  
  125  21:48  Infestor  
  125  21:49  Infestor  
  129  21:57  Zergling x8  
  129  21:58  Zergling x8  
  137  22:03  Overlord x2  
  123  22:14  Zergling x4  
  123  22:15  Zergling x18  
  126  22:24  Zergling x12  
  130  22:36  Zergling x2  
  130  22:37  Zergling x12  
  129  22:41  Baneling x6  
  129  22:44  Zergling x6  
  128  22:57  Baneling x5  
  127  23:02  Zergling x2  
  127  23:03  Zergling x8  
  127  23:04  Zergling x10  
  127  23:11  Zergling x16  
  126  23:18  Zergling x4  
  108  23:21  Zergling x2  
  108  23:22  Zergling x6  
  112  23:27  Zergling x2  
  112  23:28  Zergling x8  
  102  23:53  Zergling x16  
  110  24:03  Overseer  
  109  24:20  Baneling x4  
  109  24:21  Baneling x8  
  110  24:28  Hatchery  

Tags
 
Add a new tag
Caveats
  • Supply blocks, unpowered buildings, or Contaminate may cause inaccurate times.
  • Supply counts are checked every 10 seconds.